 Dungeon Crawl Stone Soup version 0.29.1-13-g9f3cf754e1 (webtiles) character file.

Game seed: 407301842240727702

157 Peloso the Covered (level 5, -9/46 HPs)
             Began as a Minotaur Fighter on Jan 25, 2023.
             Mangled by Pikel
             ... wielding a +0 whip of electrocution
              (14 damage)
             ... on level 3 of the Dungeon.
             The game lasted 00:05:01 (3148 turns).

Peloso the Covered (Minotaur Fighter)               Turns: 3148, Time: 00:05:02

Health: -9/46      AC:  7    Str: 21    XL:     5   Next: 15%
Magic:  4/4        EV:  9    Int:  5    God:
Gold:   156        SH:  4    Dex: 11    Spells: 4/4 levels left

rFire   . . .      SeeInvis .   a - +0 long sword
rCold   . . .      Faith    .   d - +0 buckler
rNeg    . . .      Spirit   .   b - +0 scale mail
rPois   .          Reflect  .   (helmet restricted)
rElec   .          Harm     .   (no cloak)
rCorr   +          Rampage  .   (no gloves)
Will    .....                   (no boots)
Stlth   ..........              (no amulet)
HPRegen 0.15/turn               f - ring of resist corrosion
MPRegen 0.09/turn               (no ring)

@: mighty
A: horns 2, retaliatory headbutt
a: no special abilities


You were on level 3 of the Dungeon.
You visited 1 branch of the dungeon, and saw 4 of its levels.

You collected 156 gold pieces.

Inventory:

Hand Weapons
 a - a +0 long sword (weapon)
Armour
 b - a +0 scale mail (worn)
 d - a +0 buckler (worn)
Jewellery
 f - a ring of resist corrosion (left hand)
Scrolls
 g - 2 scrolls of identify
 j - 3 scrolls of immolation
 l - a scroll of blinking
 n - a scroll of fear
 o - a scroll of noise
Potions
 c - a potion of brilliance
 e - a potion of heal wounds
 h - a potion of might
 i - a potion of magic
 k - 2 potions of flight
 m - 2 potions of curing


   Skills:
 + Level 4.2 Fighting
 + Level 4.4 Long Blades
 + Level 4.9 Armour
 + Level 1.0 Dodging
 + Level 0.1 Stealth
 + Level 4.2 Shields


You had 4 spell levels left.
You didn't know any spells.
Your spell library contained the following spells:

 Spells                   Type           Power      Damage    Failure   Level
 Slow                     Hex            0%         N/A       88%         1
 Confusing Touch          Hex            0%         N/A       99%         3
 Vampiric Draining        Necr           0%         2d6       99%         3
 Fireball                 Conj/Fire      0%         3d3       100%        5
 Freezing Cloud           Conj/Ice/Air   0%         6-21      100%        5
 Lightning Bolt           Conj/Air       0%         1d11      100%        5


Dungeon Overview and Level Annotations

Branches:
Dungeon (4/15)
 Temple: D:4-7

Altars:
Yredelemnul

Annotations:
D:1 Dig
D:3 Pikel


Innate Abilities, Weirdness & Mutations

You have a pair of horns on your head.
You reflexively headbutt those who attack you in melee.


Message History

There is a stone staircase leading down here.
You feel very mighty all of a sudden.
Pikel hits you with a +0 whip of electrocution!
The jackal bites you but does no damage.
Unknown command.
You hit Pikel.
Pikel is lightly wounded.
The jackal bites you but does no damage.
You block Pikel's attack. The jackal barely misses you.
You furiously retaliate!
You headbutt the jackal!
You kill the jackal!
Your Dodging skill increases to level 1!
You closely miss Pikel.
Pikel is lightly wounded.
You block Pikel's attack.
Pikel hits you with a +0 whip of electrocution!
* * * LOW HITPOINT WARNING * * *
You are electrocuted!
* * * LOW HITPOINT WARNING * * *
You feel much better.
Pikel hits you with a +0 whip of electrocution.
* * * LOW HITPOINT WARNING * * *
Unknown command.
You hit Pikel.
Pikel is lightly wounded.
Pikel hits you with a +0 whip of electrocution.
* * * LOW HITPOINT WARNING * * *
You closely miss Pikel. Your headbutt misses Pikel.
Pikel is lightly wounded.
Pikel waves his whip at you. Pikel barely misses you. You furiously retaliate!
You headbutt Pikel! You slash Pikel!
Pikel is severely wounded.
You block Pikel's attack.
You miss Pikel. You headbutt Pikel.
Pikel is almost dead.
Pikel hits you with a +0 whip of electrocution.
* * * LOW HITPOINT WARNING * * *
You are electrocuted!
You die...

#####(...###
#.#....##
#.##.#..##
#....##..## ###
###...##..# ..#
##).###.### ..#
##..##...## ..#
##..###.†#########
..#
#..###.@K.......#
..#
#...##..........#
..#
######..........#
..# ############
..# ..# ..# ###


You could see Pikel.

Vanquished Creatures
  A jelly (D:3)
  An orc wizard (D:3)
  A white imp (D:4)
  A worm (D:2)
  4 orcs (D:3)
  5 bats
  16 endoplasms
  5 giant cockroaches
  3 goblins (D:1)
  5 hobgoblins
  6 jackals
  12 kobolds
  3 quokkas
  4 ball pythons
  4 rats
71 creatures vanquished.

Vanquished Creatures (others)
  7 fungi (D:3)
  8 toadstools (D:3)
15 creatures vanquished.

Grand Total: 86 creatures vanquished

Notes
Turn   | Place    | Note
-------+----------+-------------------------------------------
     0 | D:1      | Peloso the Minotaur Fighter began the quest for the Orb.
     0 | D:1      | Reached XP level 1. HP: 19/19 MP: 0/0
   253 | D:1      | Reached XP level 2. HP: 20/27 MP: 1/1
  1080 | D:2      | Found a basalt altar of Yredelemnul.
  1274 | D:2      | Reached XP level 3. HP: 22/33 MP: 2/2
  1423 | D:2      | Got the Encyclopedia of Harmful Clouds
  2045 | D:3      | Reached XP level 4. HP: 21/40 MP: 3/3
  2622 | D:3      | Reached XP level 5. HP: 16/46 MP: 4/4
  2949 | D:3      | Found a faded altar of an unknown god.
  3128 | D:4      | Noticed Pikel
  3130 | D:4      | Noticed a lemure
  3130 | D:4      | Noticed a lemure
  3130 | D:4      | Noticed a lemure
  3143 | D:3      | Reached skill level 1 in Dodging
  3143 | D:3      | HP: 1/46 [Pikel/+0 whip of electrocution (9)]
  3148 | D:3      | Mangled by Pikel

Illustrated notes

Levels and vault maps discovered:
D:1:      doesnt_arrival_eight_statues, layout_basic, due_unseen_surprise
D:2:      layout_rooms, basic_altar
D:3:      cheibrodos_fertilizer, layout_rooms, nicolae_ecumenical_lake_church
D:4:      layout_gridville, minmay_temple_entry_waves, uniq_grinder, uniq_pikel

Skill      XL: |  1  2  3  4  5 |
---------------+----------------+-----
Fighting       | 4 |  4.2
Armour         | 4 |  4.9
Long Blades    | 3 4 |  4.4
Shields        | 4 |  4.2
Dodging        | 1 |  1.0
Stealth        | |  0.1

Action                   |  1- 3 |  4- 6 || total
-------------------------+-------+-------++-------
Melee: Long sword        |   116 |    66 ||   182
       Headbutt          |     9 |    11 ||    20
  Use: Scroll            |     9 |     2 ||    11
       Potion            |     1 |     2 ||     3
Armor: Scale mail        |    84 |    35 ||   119
Dodge: Dodged            |    53 |    38 ||    91
Block: Buckler           |    20 |    26 ||    46
